AoeStats
← Yaycub

Coastal Forest

510879096Analyzed
2v2 RM · 21h ago on Oct 2, 2026· 59m 59s· 4 players
Game mode
Random Map
Map size
Medium (4 player)
Population
200
Speed
Normal
Resources
Standard
Victory
Conquest
Starting age
Dark Age
Ending age
Imperial Age
RankedLock teamsTeams togetherTeam positionsShared explorationLock speedFull tech treeHidden civsTurbo modeCheats
Victory
Defeat
🇦🇷 Cumans · Argentina
1070
+18
🇺🇸 Franks · United States
1059
+18
🇨🇦 Mongols · Canada
1136
-20
🇨🇦 Japanese · Canada
1071
-16
BP MonoSimon
6:53 Loom
9:40 Feudal Age
11:40 Double-Bit Axe
15:45 Horse Collar
22:08 Castle Age
21:05 Wheelbarrow
20:16 Town Watch
20:54 Bloodlines
21:59 Scale Barding Armor
22:05 Forging
28:56 Chain Barding Armor
28:47 Fletching
29:01 Capped Ram
30:47 Iron Casting
36:40 Imperial Age
34:56 Pikeman
35:36 Squires
39:37 Elite Skirmisher
40:29 Bodkin Arrow
42:02 Plate Barding Armor
43:12 Chemistry
43:41 Conscription
44:44 Ballistics
44:29 Padded Archer Armor
43:54 Elite Steppe Lancer
47:15 Cuman Mercenaries
49:55 Thumb Ring
53:33 Caravan
55:52 Halberdier
Clurnt Kennedy
9:20 Loom
11:23 Feudal Age
12:14 Double-Bit Axe
16:09 Fletching
23:29 Castle Age
24:35 Bow Saw
25:35 Gold Mining
25:37 Stone Mining
30:39 Gold Shaft Mining
31:03 Wheelbarrow
32:22 Hand Cart
33:12 Scale Barding Armor
33:18 Forging
34:49 Husbandry
40:01 Imperial Age
37:21 Town Watch
39:45 Iron Casting
39:31 Chain Barding Armor
39:45 Treadmill Crane
40:26 Ballistics
40:10 Cavalier
40:52 Chivalry
41:13 Conscription
41:57 Blast Furnace
42:35 Town Patrol
42:47 Paladin
44:05 Plate Barding Armor
44:49 Chemistry
45:34 Caravan
47:43 Masonry
47:38 Siege Engineers
Yaycub
6:43 Loom
9:20 Feudal Age
11:36 Double-Bit Axe
17:12 Fletching
17:18 Gold Mining
20:00 Castle Age
19:56 Wheelbarrow
21:25 Bodkin Arrow
21:59 Bow Saw
24:22 Thumb Ring
24:31 Padded Archer Armor
30:09 Husbandry
31:51 Bloodlines
36:36 Imperial Age
36:13 Wheelbarrow
38:02 Ballistics
38:12 Bracer
41:01 Chemistry
42:07 Hand Cart
43:23 Horse Collar
43:35 Stone Mining
44:01 Leather Archer Armor
43:47 Town Watch
43:46 Heavy Cavalry Archer
45:33 Parthian Tactics
45:19 Light Cavalry
46:10 Forging
46:06 Scale Barding Armor
46:07 Town Patrol
47:42 Conscription
47:13 Hussar
48:14 Chain Barding Armor
48:30 Iron Casting
48:35 Heavy Camel Rider
60:06 Caravan
SneakFox
10:34 Feudal Age
9:15 Loom
11:05 Double-Bit Axe
11:03 Horse Collar
21:47 Castle Age
19:55 Arson
20:25 Forging
20:16 Scale Mail Armor
20:29 Gold Mining
22:10 Wheelbarrow
23:36 Bow Saw
24:27 Town Watch
25:17 Stone Mining
25:25 Pikeman
28:49 Chain Mail Armor
28:27 Fletching
29:13 Iron Casting
28:53 Chain Mail Armor
30:40 Squires
30:26 Gambesons
38:55 Gambesons
45:53 Squires
50:27 Caravan
54:42 Town Patrol
54:58 Hand Cart
Connection lost

Rejoining the realm…

Still unreachable

The connection could not be restored.

Session expired

The server has moved on; the page needs a fresh start.